 Dungeon Crawl Stone Soup version 0.21-a0-140-g479285b (webtiles) character file.

813 grindst0ne the Chopper (level 7, -10/64 HPs)
             Began as a Hill Orc Fire Elementalist on July 21, 2017.
             Mangled by Prince Ribbit (13 damage)
             ... on level 4 of the Dungeon.
             The game lasted 00:26:36 (8730 turns).

grindst0ne the Chopper (Hill Orc Fire Elementalist) Turns: 8730, Time: 00:26:37

Health: -10/64     AC:  3    Str: 17    XL:     7   Next: 93%
Magic:  7/9        EV: 12    Int: 15    God:
Gold:   286        SH:  0    Dex: 11    Spells: 3/9 levels left

rFire    . . .     SeeInvis .   g - +1 hand axe
rCold    . . .     Gourm    .   (no shield)
rNeg     . . .     Faith    .   a - +0 robe
rPois    .         Spirit   .   (no helmet)
rElec    .         Reflect  .   (no cloak)
rCorr    .         Harm     .   r - +0 pair of gloves
MR       .....                  (no boots)
Stlth    ++........             (no amulet)
HPRegen  0.20/turn              c - +4 ring of strength
MPRegen  0.11/turn              w - ring of flight

@: no status effects
A: no striking features
a: Evoke Flight


You were on level 4 of the Dungeon.
You were hungry.

You visited 1 branch of the dungeon, and saw 5 of its levels.

You collected 286 gold pieces.

Inventory:

Hand Weapons
 g - a +1 hand axe (weapon)
 j - a +2 dagger of pain
Armour
 a - a +0 robe (worn)
 n - a +0 plate armour
 o - a +0 leather armour
 p - a +0 ring mail
 q - a +0 chain mail
 r - a +0 pair of gloves (worn)
Jewellery
 c - a +4 ring of strength (left hand)
 e - an uncursed ring of stealth
 w - a ring of flight (right hand)
Scrolls
 d - 2 scrolls of enchant weapon
 l - a scroll of remove curse
 m - 2 scrolls of enchant armour
 t - a scroll of fear
 v - a scroll of identify
 x - a scroll of teleportation
Potions
 u - a potion of curing
Books
 b - a book of Flames

   Spells                             Type                      Level
   a - Flame Tongue                   Conjuration/Fire             1
   b - Throw Flame                    Conjuration/Fire             2
   c - Conjure Flame                  Conjuration/Fire             3
   d - Inner Flame                    Hexes/Fire                   3
   e - Sticky Flame                   Conjuration/Fire             4
   f - Fireball                       Conjuration/Fire             5
Comestibles
 f - 2 fruits
 i - 3 meat rations
 k - 2 royal jellies
 s - a bread ration


   Skills:
 - Level 6.7 Fighting
 - Level 7.1 Axes
 - Level 1.8 Armour
 - Level 1.5 Dodging
 - Level 1.5 Stealth
 - Level 1.5 Spellcasting
 - Level 1.0 Conjurations
 + Level 4.1 Fire Magic


You had 3 spell levels left.
You knew the following spells:

 Your Spells              Type           Power        Failure   Level  Hunger
a - Flame Tongue          Conj/Fire      #....        9%          1    ##.....
b - Throw Flame           Conj/Fire      #.....       12%         2    ###....
c - Conjure Flame         Conj/Fire      #.......     24%         3    ####...


Dungeon Overview and Level Annotations

Branches:
Dungeon (5/15)
 Temple: D:4-7

Altars:
Cheibriados
Elyvilon
Sif Muna
Vehumet
The Shining One

Annotations:
D:3 exclusion: downstairs
D:4 Prince Ribbit


Message History

Prince Ribbit barely misses you.
Prince Ribbit blinks!
Prince Ribbit blinks!
Prince Ribbit blinks!
Prince Ribbit hits you! Prince Ribbit hits you. Prince Ribbit hits you!!
There is a stone staircase leading up, spattered with blood here.
Prince Ribbit hits you!!
* * * LOW HITPOINT WARNING * * *
You climb upwards.
There is a stone staircase leading down here.
Things that are here:
a throwing net; a spear Prince Ribbit hits you!
* * * LOW HITPOINT WARNING * * *
Prince Ribbit hits you!
* * * LOW HITPOINT WARNING * * *
You see here a leather armour.
Prince Ribbit croaks regally.
Prince Ribbit hits you!
You die...

##### #####.....(...# #...#
#.....#.#####.# #.#.#
####.#####.#####.#
....###########<##.............#
..............#)##....##########
...###.######...####.......#
.......### ##.#........###.#
.#####...#
#....)..#.......######
.......#.#
#....@#.###....##.....
######.#.#
#...#.F.#......##.###.
#.#.###.....#[...###.##.#...
#.......#.#..[#......##.#.##
#####.......#[###..######.#.#
#.....................# #.#.#
#.###############.#######.#.# ##
#.# ##.......#.......[.#.# .#
#.# #..#####....#........#


You could see Prince Ribbit.

Vanquished Creatures
  Grinder (D:1)
  Blork the orc (D:5)
  A jelly (D:5)
  3 orc priests
  3 orc wizards
  A bullfrog skeleton (D:4)
  2 worker ants (D:4)
  Terence (D:2)
  A hound skeleton (D:4)
  8 adders
  6 gnolls (D:4)
  An ooze (D:2)
  3 worms
  2 dart slugs
  A leopard gecko (D:4)
  12 orcs
  5 giant cockroaches
  10 goblins
  13 hobgoblins
  7 kobolds
  3 quokkas
  7 bats
  5 frilled lizards
  A leopard gecko skeleton (D:2)
  6 rats
104 creatures vanquished.

Notes
Turn   | Place    | Note
-------+----------+-------------------------------------------
     0 | D:1      | grindst0ne the Hill Orc Fire Elementalist began the quest for the Orb.
     0 | D:1      | Reached XP level 1. HP: 14/14 MP: 3/3
    96 | D:1      | Reached skill level 1 in Fighting
   286 | D:1      | Reached XP level 2. HP: 19/24 MP: 0/4
   813 | D:2      | Reached XP level 3. HP: 31/31 MP: 0/5
  1017 | D:2      | Learned a level 2 spell: Throw Flame
  1160 | D:2      | Found a glowing golden altar of the Shining One.
  1645 | D:3      | Reached XP level 4. HP: 31/40 MP: 0/6
  1956 | D:3      | Noticed Grinder
  2233 | D:2      | Learned a level 3 spell: Conjure Flame
  2719 | D:2      | Paralysed by Grinder for 5 turns
  2727 | D:2      | Paralysed by Grinder for 6 turns
  2743 | D:1      | HP: 1/41 [Grinder/nerve-wracking pain (6)]
  3377 | D:3      | Reached skill level 1 in Axes
  3537 | D:3      | Found a deep blue altar of Sif Muna.
  3544 | D:3      | Found a radiant altar of Vehumet.
  3548 | D:3      | Found a snail-covered altar of Cheibriados.
  3549 | D:3      | Found a white marble altar of Elyvilon.
  3921 | D:3      | Reached skill level 2 in Axes
  4040 | D:3      | Noticed Terence
  4078 | D:2      | Reached XP level 5. HP: 36/47 MP: 1/7
  4181 | D:2      | Killed Terence
  4233 | D:3      | Reached skill level 3 in Axes
  4482 | D:2      | Reached skill level 5 in Fighting
  4833 | D:2      | Reached skill level 4 in Axes
  5190 | D:2      | Reached XP level 6. HP: 26/56 MP: 8/8
  5810 | D:1      | Paralysed by Grinder for 2 turns
  5829 | D:1      | Killed Grinder
  5829 | D:1      | Reached skill level 6 in Axes
  5829 | D:1      | Reached XP level 7. HP: 32/63 MP: 9/9
  6374 | D:4      | Reached skill level 7 in Axes
  7498 | D:5      | Entered Level 5 of the Dungeon
  7517 | D:5      | Reached skill level 1 in Armour
  7649 | D:5      | Noticed Prince Ribbit
  8078 | D:5      | Noticed Blork the orc
  8104 | D:5      | Killed Blork the orc
  8728 | D:4      | HP: 2/64 [Prince Ribbit (8)]
  8730 | D:4      | Mangled by Prince Ribbit

Vault maps used:
D:1:      elethiomel_arrival_infinity_welcomes_careful_drivers
D:2:      tso_metal_star, serial_curves, eino_curves_04, eino_curves_03,
          first_bread
D:3:      cheibrodos_pilgrimage, minitemple, kennysheep_small_spiral,
          uniq_terence, uniq_grinder
D:4:      cheibrodos_quashed
D:5:      uniq_blork_the_orc, uniq_prince_ribbit1

Skill      XL: |  1  2  3  4  5  6  7 |
---------------+----------------------+-----
Fighting       | 2 3 4 5 6 |  6.7
Axes           | 2 4 6 7 |  7.1
Armour         | 1 |  1.8
Fire Magic     | 4 |  4.1
Dodging        | |  1.5
Stealth        | |  1.5
Spellcasting   | |  1.5
Conjurations   | |  1.0

Action                   |  1- 3 |  4- 6 |  7- 9 || total
-------------------------+-------+-------+-------++-------
Melee: Unarmed           |    11 |       |       ||    11
       Dagger            |   107 |    81 |       ||   188
       Hand axe          |       |   146 |   161 ||   307
 Cast: Flame Tongue      |    25 |    27 |       ||    52
       Throw Flame       |     3 |    23 |     4 ||    30
  Use: Potion            |     2 |     1 |     1 ||     4
       Scroll            |       |    10 |     2 ||    12
 Stab: Sleeping          |     1 |       |       ||     1
  Eat: Chunk             |     3 |     9 |     7 ||    19
       Bread ration      |       |     2 |       ||     2
       Fruit             |       |       |     1 ||     1
Armor: Robe              |    27 |    37 |       ||    64
       Chain mail        |       |    78 |   103 ||   181
       Leather armour    |       |     4 |       ||     4
Dodge: Dodged            |   113 |   140 |    43 ||   296
